 Dungeon Crawl Stone Soup version 0.17-a0-18-gc25b939 (webtiles) character file.

21 JacquesDerrida the Caller (level 2, 0/19 HPs)
             Began as a Merfolk Summoner on Mar 7, 2015.
             Killed from afar by a white imp (13 damage)
             ... with a puff of frost
             ... summoned by the player character
             ... on level 3 of the Dungeon.
             The game lasted 00:03:30 (724 turns).

JacquesDerrida the Caller (Merfolk Summoner)         Turns: 724, Time: 00:03:39

Health: 0/19       AC:  3    Str:  8    XL:     2   Next: 87%
Magic:  1/4        EV: 13    Int: 14    God:
Gold:   66         SH:  0    Dex: 14    Spells: 1 memorised, 3 levels left

rFire  . . .     SeeInvis .     j - -1 dagger (curse)
rCold  . . .     Clarity  .     a - +0 robe
rNeg   . . .     SustAb   .     (no shield)
rPois  .         Gourm    .     (no helmet)
rElec  .         Spirit   .     e - +0 cloak
rCorr  .         Warding  .     (no gloves)
rMut   .         Stasis   .     (no boots)
MR     .....                    (no amulet)
Stlth  ++........               (no ring)
                                d - ring of invisibility

@: not resistant to hostile enchantments, unstealthy
A: change form in water, swift swim
a: Evoke Invisibility


You were on level 3 of the Dungeon.
You were not hungry.

You visited 1 branch of the dungeon, and saw 3 of its levels.

You collected 66 gold pieces.

Inventory:

Hand weapons
 j - a cursed -1 dagger (weapon)
Armour
 a - a +0 robe (worn)
 e - a +0 cloak (worn)
 h - a cursed +0 ring mail
Magical staves
 n - an uncursed staff of air {unknown}
Jewellery
 d - a ring of invisibility (left hand)
Scrolls
 k - 2 scrolls of identify
Potions
 i - a potion of invisibility
 l - a potion of haste {unknown}
 m - a potion of beneficial mutation {unknown}
Books
 b - a book of Callings

   Spells                             Type                      Level
   a - Summon Small Mammal            Summoning                    1
   b - Call Imp                       Summoning                    2
   c - Call Canine Familiar           Summoning                    3
   d - Summon Guardian Golem          Hexes/Summoning              4
   e - Summon Lightning Spire         Summoning/Air                4
   f - Summon Ice Beast               Ice/Summoning                4
Comestibles
 c - a bread ration
 f - 4 fruits
 g - 2 chunks of flesh


   Skills:
 - Level 2.6 Dodging
 - Level 2.1 Stealth
 - Level 2.0 Spellcasting
 + Level 4.8 Summonings


You had 3 spell levels left.
You knew the following spells:

 Your Spells              Type           Power        Failure   Level  Hunger
b - Call Imp              Summ           ##......     6%          2    ###....


Dungeon Overview and Level Annotations

Branches:
Dungeon (3/15)

Altars:


Message History

You barely miss the quokka. The quokka barely misses you.
You hit the quokka but do no damage. The quokka barely misses you.
The quokka barely misses you.
You barely miss the quokka. The quokka misses you.
You completely miss the quokka. The quokka closely misses you.
You completely miss the quokka. The quokka misses you.
You hit the quokka.
The quokka is moderately wounded.
The quokka barely misses you.
Casting: Call Imp
Confirm with . or Enter, or press ? or * to list all spells.
A beastly little devil appears in a puff of frigid air.
The quokka barely misses you. The quokka misses you.
You hit the quokka.
The quokka is severely wounded.
The quokka bites you but does no damage.
Your white imp gestures at the quokka.
The puff of frost misses the quokka.
The puff of frost hits you!
Ouch! That really hurt!
You die...

##### .... .. ....
.. #..##. ####....
#.#...... #.....5.#
# #.##r.# #.#.##@.#
#.#.#.##..##.##..
#..............<.
###+#.##.###+##..
#######.....#.#...
#......'............
######.....#.#...
#.....#.#...
########...†.#.#...


You could see a quokka and a friendly white imp.

Vanquished Creatures
  An orc (D:3)
  A hobgoblin (D:2)
  A goblin (D:2)
3 creatures vanquished.

Vanquished Creatures (collateral kills)
  A worm (D:2)
  A giant gecko (D:2)
  3 bats
  2 giant cockroaches
  3 goblins (D:1)
  2 hobgoblins (D:1)
  A kobold (D:1)
  2 giant newts (D:1)
  4 rats
19 creatures vanquished.

Vanquished Creatures (others)
  2 bats (D:1)
2 creatures vanquished.

Grand Total: 24 creatures vanquished

Notes
Turn   | Place    | Note
--------------------------------------------------------------
     0 | D:1      | JacquesDerrida, the Merfolk Summoner, began the quest for the Orb.
     0 | D:1      | Reached XP level 1. HP: 13/13 MP: 3/3
   293 | D:1      | Reached XP level 2. HP: 17/19 MP: 0/4
   304 | D:1      | Learned a level 2 spell: Call Imp
   657 | D:2      | You fall through a shaft!
   724 | D:3      | Killed from afar by a white imp

Action                   || total
-------------------------++-------
Melee: Unarmed           ||     6
       Dagger            ||    30
 Cast: Summon Small Mamm ||    16
       Call Imp          ||    11
  Use: Scroll            ||     3
  Eat: Chunk             ||     1
